Map: Moonlight Madness LE (Void)

Players

TheMeeferson - Winner!

  • Race: Terran Terran
  • League: Platinum

PULSAR

  • Race: Zerg Zerg
  • League: Platinum

VOD

Have the link to the VOD?

Description

Time

  • Played on: Aug. 19, 2015, 11:39 p.m.
  • Length: 17:16
Show
View Real Time Build Order
Export as new Build Order

TheMeeferson Terran - Winner!

Build Orders: Command Center First (CC), Liberator Opening, Mech 

Get SALT Encoding   

  12  0:00  SCV  
  13  0:12  SCV  
  14  0:18  Supply Depot  
  14  0:24  SCV  
  15  0:40  SCV  
  16  0:57  Command Center  
  16  1:00  SCV  
  17  1:11  Barracks  
  17  1:18  Refinery  
  17  1:19  SCV  
  18  1:32  SCV  
  19  1:44  SCV  
  20  1:57  Orbital Command  
  20  1:59  Marine  
  21  2:13  Orbital Command  
  21  2:24  SCV  
  21  2:27  Factory  
  22  2:36  SCV  
  23  2:40  SCV  
  23  2:41  Barracks Reactor  
  24  2:48  SCV  
  25  2:52  SCV  
  25  2:54  Supply Depot  
  25  2:58  Refinery  
  26  3:00  SCV  
  26  3:04  SCV  
  28  3:12  SCV  
  28  3:16  SCV  
  28  3:18  Starport  
  30  3:25  SCV  
  31  3:28  SCV, Hellion x2  
  31  3:29  Barracks Tech Lab  
  36  3:37  SCV  
  36  3:39  Supply Depot  
  36  3:40  SCV  
  38  3:44  Liberator  
  38  3:48  Command Center  
  38  3:49  Hellion x2  
  38  3:54  SCV x2  
  47  4:06  Supply Depot, SCV  
  47  4:07  SCV  
  49  4:11  Hellion x2  
  49  4:15  Supply Depot  
  53  4:18  SCV  
  54  4:27  Barracks Reactor  
  54  4:28  SCV  
  54  4:29  Liberator  
  54  4:31  SCV  
  56  4:32  Hellion x2  
  60  4:40  SCV  
  60  4:43  SCV  
  62  4:52  SCV  
  66  4:54  Refinery  
  66  4:55  SCV  
  66  4:59  Orbital Command  
  63  5:01  Hellion x2  
  63  5:04  SCV  
  63  5:06  Armory  
  68  5:07  SCV  
  68  5:12  Refinery  
  69  5:16  SCV  
  69  5:18  Orbital Command  
  69  5:19  SCV  
  71  5:23  Hellion x2  
  71  5:24  Liberator  
  71  5:25  Supply Depot  
  75  5:30  SCV, Factory  
  75  5:31  SCV  
  77  5:39  Refinery  
  80  5:43  Refinery  
  80  5:44  Hellion x2  
  80  5:45  SCV  
  80  5:47  SCV x2  
  87  5:50  Supply Depot  
  87  5:55  Supply Depot  
  87  6:00  Supply Depot  
  87  6:09  Hellion  
  87  6:10  Hellion  
  90  6:15  SCV x3  
  93  6:25  Siege Tank, Liberator x2  
  96  6:27  SCV x2  
  96  6:28  SCV  
  98  6:38  Hellion x2  
  98  6:39  SCV  
  104  6:40  SCV x2  
  104  6:44  Barracks Tech Lab  
  104  6:46  Factory  
  111  6:48  Terran Vehicle Weapons Level 1  
  111  6:49  Armory  
  111  6:51  SCV  
  111  6:52  SCV x2  
  114  7:04  SCV  
  115  7:22  SCV x2  
  117  7:28  Factory  
  117  7:29  Factory  
  117  7:33  Supply Depot x2  
  117  7:34  SCV, Hellion x2, Siege Tank  
  123  7:54  SCV x2  
  123  7:55  SCV  
  123  7:56  Command Center x2  
  126  8:04  Supply Depot x3  
  126  8:06  SCV x2  
  126  8:07  Terran Vehicle And Ship Armor Level 1, SCV  
  114  8:14  Liberator x2  
  114  8:18  Siege Tank x2  
  114  8:19  Hellbat x2  
  118  8:30  Factory Tech Lab, Factory Reactor  
  124  8:40  Hellbat  
  126  8:44  Orbital Command  
  123  8:50  Siege Tank x2  
  105  9:10  Siege Tank  
  105  9:11  Hellbat x2  
  105  9:12  Hellbat x2  
  116  9:22  Siege Tank, Orbital Command  
  116  9:23  Siege Tank  
  105  9:33  Hellbat x3  
  98  9:43  Siege Tank  
  98  9:44  Hellbat  
  101  9:46  SCV x3  
  101  9:51  Hellion  
  101  9:52  Hellion x3  
  104  9:54  Siege Tank, Hellbat x2  
  104  9:55  Siege Tank  
  104  9:58  Command Center  
  114  10:05  SCV  
  115  10:08  Hellbat  
  115  10:09  Terran Vehicle Weapons Level 2, Hellbat  
  115  10:10  Terran Vehicle And Ship Armor Level 2  
  119  10:15  Siege Tank  
  118  10:27  Siege Tank  
  120  10:35  Siege Tank  
  120  10:36  Hellbat x4  
  120  10:37  Viking x2  
  135  10:50  Siege Tank  
  138  10:58  Thor  
  139  11:13  Engineering Bay  
  139  11:14  Thor  
  139  11:16  Hellbat x3  
  139  11:17  Hellbat  
  153  11:23  Orbital Command  
  147  11:28  Thor  
  153  11:39  Viking x2  
  157  11:42  Orbital Command  
  157  11:46  Missile Turret  
  157  12:00  Sensor Tower  
  157  12:03  Siege Tank x2, Hellbat  
  157  12:04  Hellbat x3  
  171  12:11  Hellbat  
  171  12:14  Hellion x8  
  173  12:18  SCV x2  
  175  12:25  Hellbat  
  175  12:26  Missile Turret  
  175  12:27  Viking  
  175  12:28  Factory  
  175  12:29  Factory  
  179  12:32  Refinery  
  179  12:42  Refinery  
  179  12:46  Viking  
  167  13:05  Supply Depot  
  167  13:07  Supply Depot  
  167  13:08  Supply Depot x2  
  161  13:24  SCV  
  161  13:25  SCV x2, Hellbat  
  161  13:26  Supply Depot, Hellbat  
  156  13:27  Thor, Hellbat x2, Supply Depot, SCV  
  156  13:29  Thor  
  156  13:30  Thor  
  156  13:32  Sensor Tower  
  175  13:35  Command Center  
  175  13:37  Command Center  
  175  13:41  Hellion x4  
  175  13:49  Hellbat  
  175  13:50  Viking x2  
  175  13:52  Terran Vehicle Weapons Level 3  
  181  14:08  Missile Turret  
  181  14:10  Siege Tank  
  181  14:11  Missile Turret  
  181  14:12  Siege Tank  
  181  14:13  Siege Tank  
  190  14:24  Hellion, Hellbat x3  
  179  14:42  Siege Tank  
  179  14:44  Siege Tank  
  179  14:45  Siege Tank, Hellbat x3  
  178  14:49  Hellion x9  
  152  15:01  Hellbat  
  154  15:12  Hellbat x2  
  154  15:13  Hellbat  
  160  15:14  Siege Tank  
  160  15:16  Siege Tank  
  160  15:17  Siege Tank  
  160  15:18  Viking  
  171  15:25  Factory Tech Lab, Factory Reactor  
  165  15:45  Siege Tank  
  165  15:46  Siege Tank, Hellbat x2  
  165  15:48  Thor  
  165  15:49  Siege Tank  
  172  16:17  Thor  
  178  16:19  Command Center  
  178  16:41  Supply Depot  
Show
View Real Time Build Order
Export as new Build Order

PULSAR Zerg 

Build Orders: Hatch First 

Get SALT Encoding   

  12  0:01  Drone  
  13  0:12  Overlord  
  13  0:16  Drone  
  14  0:30  Drone x2  
  14  0:34  Drone  
  17  0:45  Drone  
  18  0:57  Hatchery  
  18  0:58  Drone  
  18  1:07  Drone  
  19  1:18  Extractor, Spawning Pool  
  18  1:20  Drone  
  18  1:31  Overlord  
  18  1:39  Drone  
  19  1:49  Drone  
  20  2:00  Drone  
  21  2:05  Queen  
  23  2:08  Queen  
  23  2:10  Zergling x2  
  23  2:12  Zergling x2  
  27  2:19  Roach Warren  
  27  2:21  Drone  
  27  2:25  Drone  
  28  2:34  Drone x2  
  30  2:41  Lair  
  30  2:44  Drone x2, Extractor  
  32  2:51  Queen  
  33  2:56  Overlord  
  33  3:11  Drone x3  
  36  3:16  Drone  
  36  3:17  Drone x3  
  36  3:18  Drone  
  41  3:22  Drone  
  42  3:28  Drone x2  
  44  3:34  Overlord  
  44  3:45  Hydralisk Den  
  43  3:52  Roach x4  
  51  3:57  Overlord x2  
  51  4:08  Glial Reconstitution  
  51  4:15  Hydralisk  
  53  4:20  Drone x3  
  53  4:21  Drone  
  57  4:28  Hatchery, Drone x3  
  57  4:29  Drone  
  60  4:31  Extractor  
  60  4:33  Extractor  
  60  4:37  Muscular Augments  
  58  4:48  Roach x4  
  58  4:52  Overseer  
  66  5:01  Drone x2  
  66  5:05  Overlord x2  
  68  5:16  Overlord x2  
  68  5:23  Hydralisk x4  
  68  5:25  Hydralisk  
  78  5:36  Hydralisk x3  
  78  5:41  Hydralisk  
  86  5:45  Queen  
  88  5:56  Hydralisk x3  
  94  6:07  Drone x6  
  100  6:15  Drone x5  
  105  6:21  Drone  
  106  6:26  Overlord x3  
  106  6:42  Spire  
  106  6:43  Overlord x2  
  106  6:44  Extractor  
  106  6:45  Extractor  
  103  6:51  Infestation Pit  
  102  6:58  Roach x7  
  102  7:00  Hydralisk  
  118  7:18  Drone x6  
  118  7:19  Drone x4  
  128  7:29  Hive  
  128  7:43  Roach x3  
  128  7:44  Roach x6  
  142  7:47  Overlord x2  
  136  8:19  Hatchery  
  133  8:21  Hydralisk  
  133  8:22  Hydralisk x9  
  153  8:31  Overlord x3  
  129  9:04  Hydralisk x7  
  129  9:05  Hydralisk x3  
  123  9:47  Corruptor x4  
  123  9:49  Corruptor x3  
  123  9:50  Corruptor x2  
  141  10:00  Hydralisk x9  
  159  10:07  Evolution Chamber  
  159  10:11  Evolution Chamber, Roach x3  
  159  10:23  Extractor x2  
  155  10:33  Zerg Missile Weapons Level 1  
  155  10:37  Hydralisk  
  155  10:38  Hydralisk x7  
  171  10:52  Viper  
  171  10:53  Viper x2  
  175  11:16  Drone  
  175  11:17  Drone x7  
  178  11:36  Roach  
  178  11:37  Roach x6  
  192  11:56  Overlord x5  
  192  12:04  Ultralisk Cavern  
  192  12:05  Zerg Ground Armor Level 1  
  189  12:29  Roach  
  193  12:30  Roach x4  
  193  12:32  Hatchery  
  190  13:08  Hydralisk x5  
  192  13:33  Hydralisk x4  
  200  13:35  Zerg Missile Weapons Level 2  
  200  13:48  Viper  
  81  15:00  Hydralisk  
  81  15:01  Hydralisk x10  
  103  15:19  Roach x3  
  109  15:28  Roach x3  
  113  15:29  Roach x3  
  121  15:36  Greater Spire  
  121  15:40  Roach  
  121  15:41  Roach x8  
  121  15:42  Roach  
  131  15:49  Roach  
  133  15:55  Drone  
  133  15:56  Drone x3  
  137  16:09  Spine Crawler  
  137  16:10  Spine Crawler, Hydralisk  
  137  16:11  Spine Crawler, Hydralisk x7  
  137  16:12  Spine Crawler, Hydralisk x3  
  137  16:15  Spine Crawler  
  154  16:41  Corruptor x5  
Tags
 
Add a new tag
Caveats
  • Supply blocks, unpowered buildings, or Contaminate may cause inaccurate times.
  • Supply counts are checked every 10 seconds.